 Dungeon Crawl Stone Soup version 0.31-a0-1070-g7e96135 (webtiles) character file.

Game seed: 10482829894218738460

968 Boromir the Cudgeller (level 7, -1/63 HPs)
             Began as a Minotaur Berserker on Apr 2, 2023.
             Was a Priest of Trog.
             Slain by an orc priest
             ... wielding a +0 short sword
              (2 damage)
             ... on level 6 of the Dungeon on Nov 25, 2023.
             The game lasted 00:09:18 (4295 turns).

Boromir the Cudgeller (Minotaur Berserker)          Turns: 4295, Time: 00:09:19

Health: -1/63      AC:  2    Str: 23    XL:     7   Next: 93%
Magic:  6/6        EV: 12    Int:  4    God:    Trog [***...]
Gold:   237        SH:  5    Dex: 10    Spells: 6/6 levels left

rFire   . . .        k - +2 flail (protect)
rCold   . . .        (no shield)
rNeg    . . .        b - +0 animal skin
rPois   +            (helmet restricted)
rElec   .            (no cloak)
rCorr   +            (no gloves)
SInv    .            (no boots)
Will    .....        d - amulet of reflection
Stlth   +            e - ring of poison resistance
HPRegen 0.30/turn    u - ring of resist corrosion
MPRegen 0.10/turn

%: reflection
@: on berserk cooldown, slowed, very slow
A: horns 2, retaliatory headbutt
a: Renounce Religion, Berserk, Trog's Hand


You were on level 6 of the Dungeon.
You worshipped Trog.
Trog was most pleased with you.
You visited 2 branches of the dungeon, and saw 7 of its levels.

You collected 237 gold pieces.

Inventory:

Hand Weapons
 k - a +2 flail of protection (weapon)
Armour
 b - a +0 animal skin (worn)
Jewellery
 a - a ring of positive energy
 d - an amulet of reflection (around neck)
 e - a ring of poison resistance (left hand)
 t - a ring of magical power
 u - a ring of resist corrosion (right hand)
Wands
 q - a wand of mindburst (21)
Scrolls
 c - 2 scrolls of fog {unknown}
 f - a scroll of noise {unknown}
 g - 3 scrolls of identify {unknown}
 h - 4 scrolls of vulnerability {unknown}
 i - 3 scrolls of enchant weapon {unknown}
 l - a scroll of torment {unknown}
 o - a scroll of blinking {unknown}
 r - 4 scrolls of fear {unknown}
 s - a scroll of teleportation {unknown}
 v - a scroll of brand weapon {unknown}
Potions
 j - 3 potions of curing {unknown}
 m - 2 potions of attraction {unknown}
 n - 2 potions of might {unknown}
 p - a potion of resistance {unknown}


   Skills:
 + Level 6.3 Fighting
 + Level 5.3(7.2) Axes
 + Level 7.5(8.3) Maces & Flails
 + Level 2.6 Armour
 + Level 3.7 Dodging
 + Level 1.7 Shields


You had 6 spell levels left.
You didn't know any spells.
Your spell library was empty.

Dungeon Overview and Level Annotations

Branches:
Dungeon (6/15)             Temple (1/1) D:5

Altars:
Ashenzari
Cheibriados
Elyvilon
Fedhas
Gozag
Hepliaklqana
Makhleb
Nemelex Xobeh
Okawaru
Qazlal
Sif Muna
Trog
Vehumet
Wu Jian
Xom
Yredelemnul
Zin

Shops:
D:4 *

Annotations:
D:3 3 runed translucent doors, cowcow's ghost, amateur DrFi


Innate Abilities, Weirdness & Mutations

You have a pair of horns on your head.
You reflexively headbutt those who attack you in melee.


Message History

a +0 battleaxe; a +0 plate armour You sock the orc!
You kill the orc!
Trog accepts your kill.
You see here a +0 club.
You feel a strong urge to attack something.
You are confused.
You feel your anger nearly subside.
You are no longer berserk.
You are exhausted.
You feel yourself slow down.
Something tries to affect you, but you resist.
The orc priest calls down the wrath of Beogh upon you.
Beogh smites you!
The orc priest calls down the wrath of Beogh upon you.
Beogh smites you!
* * * LOW HITPOINT WARNING * * *
You feel less confused.
You barely miss something.
An orc wizard appears from thin air!
Reactivating autopickup.
The orc wizard hits you with a +0 dagger.
* * * LOW HITPOINT WARNING * * *
The orc priest looks encouraged for a moment.
You block the orc wizard's attack.
You sock the orc wizard!
Your weapon exudes an aura of protection.
Your headbutt misses the orc wizard.
The orc wizard is almost dead.
The orc priest invokes the aid of Beogh against you.
Pain shoots through your body!
* * * LOW HITPOINT WARNING * * *
Welcome back, Boromir the Minotaur Berserker.
Trog says: Kill them all!
Press ? for a list of commands and other information.
You are too injured to fight recklessly!
You are too injured to fight recklessly!
You are too injured to fight recklessly!
You are too injured to fight recklessly!
You block the orc wizard's attack. The orc wizard barely misses you.
The orc priest hits you with a +0 short sword.
You die...

.###..#.....#
..#...#.....#
..#...#.....#
..#..o#.....#
..#..o'.....#
..#...#.))..#
..#...#..)..#
.######.....###########
###...##......o.@.....#
.......#.......ooo....#
......<#..............#
.......#..............#
########..............#
################


You could see an orc priest, an orc wizard and 2 orcs.

Vanquished Creatures
  Grinder (D:4)
  Duvessa (D:4)
  An orc warrior (D:6)
  A black bear (D:4)
  An ogre (D:5)
  Dowan (D:4)
  A hound (D:4)
  2 orc priests
  A jelly (D:6)
  2 iguanas
  An orc wizard (D:6)
  A hound zombie (D:3)
  Robin (D:2)
  4 adders
  An adder zombie (D:3)
  A worm (D:3)
  A dart slug (D:2)
  8 orcs
  3 ball pythons
  4 bats
  3 endoplasms
  3 giant cockroaches (D:1)
  13 goblins
  13 hobgoblins
  7 jackals
  8 kobolds
  4 quokkas
  5 frilled lizards
  6 rats
99 creatures vanquished.

Notes
Turn   | Place    | Note
-------+----------+-------------------------------------------
     0 | D:1      | Boromir the Minotaur Berserker began the quest for the Orb.
     0 | D:1      | Reached XP level 1. HP: 19/19 MP: 0/0
     0 | D:1      | Upgraded the game from 0.30-a0-916-g9813417 to
                  | 0.31-a0-358-gac0dbeb
    97 | D:1      | Reached XP level 2. HP: 27/27 MP: 1/1
  1069 | D:2      | Reached XP level 3. HP: 33/33 MP: 2/2
  1131 | D:2      | Noticed Robin
  1134 | D:2      | Reached ** piety under Trog
  1149 | D:2      | Killed Robin
  1247 | D:2      | Found a faded altar of an unknown god.
  1798 | D:3      | Reached XP level 4. HP: 41/41 MP: 3/3
  1869 | D:3      | Reached skill level 5 in Axes
  1875 | D:3      | Reached skill level 1 in Maces & Flails
  1892 | D:3      | Found a runed translucent gate.
  1892 | D:3      | Found a runed translucent gate.
  1892 | D:3      | Found a runed translucent gate.
  1892 | D:3      | Noticed cowcow's ghost (amateur DrFi)
  1894 | D:3      | Found a basalt altar of Yredelemnul.
  1977 | D:3      | Reached XP level 5. HP: 43/47 MP: 4/4
  2057 | D:3      | Reached skill level 2 in Maces & Flails
  2065 | D:3      | Found a stormy altar of Qazlal.
  2069 | D:3      | Found a blossoming altar of Fedhas.
  2202 | D:3      | Found a white marble altar of Elyvilon.
  2584 | D:4      | Found Qepodwith's Assorted Antiques.
  2591 | D:4      | Reached *** piety under Trog
  2605 | D:4      | Noticed a black bear
  2608 | D:4      | Noticed Dowan
  2608 | D:4      | Noticed Grinder
  2609 | D:4      | Noticed Duvessa
  2613 | D:4      | Killed a black bear
  2614 | D:4      | Reached skill level 3 in Maces & Flails
  2614 | D:4      | Reached skill level 1 in Shields
  2614 | D:4      | Reached XP level 6. HP: 34/55 MP: 5/5
  2620 | D:4      | Killed Duvessa
  2621 | D:4      | Reached skill level 5 in Fighting
  2621 | D:4      | Reached skill level 4 in Maces & Flails
  2622 | D:4      | Killed Dowan
  2623 | D:4      | Reached skill level 5 in Maces & Flails
  2626 | D:4      | Killed Grinder
  2627 | D:4      | Reached skill level 6 in Maces & Flails
  2627 | D:4      | Reached XP level 7. HP: 30/61 MP: 6/6
  3063 | D:4      | Identified the +8 arbalest "Efahoqick" {flame, rPois rC+}
  3265 | D:4      | Found a hazy altar of Hepliaklqana.
  3292 | D:4      | Upgraded the game from 0.31-a0-358-gac0dbeb to
                  | 0.31-a0-364-gb59cdcc
  3293 | D:5      | Entered Level 5 of the Dungeon
  3449 | D:5      | Found a staircase to the Ecumenical Temple.
  3519 | D:5      | Found a radiant altar of Vehumet.
  3559 | Temple   | Entered the Ecumenical Temple
  4196 | D:6      | Reached skill level 7 in Maces & Flails
  4294 | D:6      | HP: 1/63 [orc priest/nerve-wracking pain (13)]
  4295 | D:6      | Upgraded the game from 0.31-a0-364-gb59cdcc to
                  | 0.31-a0-1070-g7e96135
  4295 | D:6      | Slain by an orc priest

Illustrated notes

Levels and vault maps discovered:
D:1:      nicolae_arrival_washed_ashore, layout_basic
D:2:      layout_loops_ring, dreamdust_ecumenical_altar_hidden_monk_grotto,
          corexii_leaking_fountain, kennysheep_generic_room_14, uniq_robin
D:3:      layout_basic, grunt_temple_overflow_forces_of_nature,
          mainiacjoe_overflow_concentric_impassable,
          nicolae_yredelemnul_ghost_church
D:4:      layout_rooms, kennysheep_mini, serial_shops, shop, uniq_grinder,
          uniq_duvessa
D:5:      layout_gridville, mainiacjoe_overflow_six_doors_small, temple_pool_b,
          hangedman_decor_clover_reticule
D:6:      layout_gridville, grunt_temple_overflow_open, lemuel_doored_altar,
          serial_undead, serial_undead_a, serial_undead_a, serial_undead_d,
          serial_undead_a, serial_undead_b, serial_undead_a, serial_undead_a,
          serial_undead_a, serial_undead_b, serial_undead_b, serial_shops,
          nicolae_square_shop
Temple:   nicolae_temple_ecumenical_triangle

Skill      XL: |  1  2  3  4  5  6  7 |
---------------+----------------------+-----
Axes           | 4 5 |  5.3
Fighting       | 4 5 6 |  6.3
Maces & Flails | 1 3 6 7 |  7.5
Dodging        | 3 |  3.7
Shields        | 1 |  1.7
Armour         | |  2.6

Action                     |  1- 3 |  4- 6 |  7- 9 || total
---------------------------+-------+-------+-------++-------
  Melee: Hand axe          |    40 |       |       ||    40
         Headbutt          |    10 |     5 |     8 ||    23
         Flail             |    43 |    59 |    52 ||   154
 Invoke: Berserk           |       |     1 |     3 ||     4
   Stab: Sleeping          |     3 |     1 |     1 ||     5
 Armour: Animal skin       |    25 |    16 |    17 ||    58
  Dodge: Dodged            |    51 |    40 |    16 ||   107
  Block: Other             |    13 |     9 |     8 ||    30

Table legend: (Time is in decaauts)
 A = Elapsed time spent in this place.
 B = Non-inter-level travel time spent in this place.
 C = Inter-level travel time spent in this place.
 D = Time resting spent in this place.
 E = Time spent auto-exploring this place.
 F = Levels seen in this place.
 G = Mean time per level.
                   A        B        C        D        E       F      G
               +--------+--------+--------+--------+--------+-----+--------+
         Total |   4359 |   4142 |    217 |    228 |   3325 |   7 |  622.7 |
       Dungeon |   4355 |   4139 |    216 |    228 |   3325 |   6 |  725.8 |
        Temple |      3 |      2 |      1 |      0 |      0 |   1 |    3.0 |
               +--------+--------+--------+--------+--------+-----+--------+

Top non-repeatable levels by time:
     D:1: 970 daAuts
     D:5: 882 daAuts
     D:3: 839 daAuts
     D:2: 796 daAuts
     D:4: 725 daAuts
     D:6: 141 daAuts
  Temple: 3 daAuts
